 Dungeon Crawl Stone Soup version 0.29-a0-925-g0a7a3d12f8 (webtiles) character file.

Game seed: 12322880764094853697

21 Araneus the Grave Robber (level 2, -5/17 HPs)
             Began as an Octopode Necromancer on July 29, 2022.
             Slain by a worm (9 damage)
             ... on level 2 of the Dungeon.
             The game lasted 00:03:10 (799 turns).

Araneus the Grave Robber (Octopode Necromancer)      Turns: 799, Time: 00:03:11

Health: -5/17      AC:  1    Str:  7    XL:     2   Next: 87%
Magic:  1/5        EV: 13    Int: 23    God:
Gold:   52         SH:  0    Dex: 12    Spells: 4/5 levels left

rFire   . . .      SeeInvis .   f - +0 short sword
rCold   . . .      Faith    .   (no shield)
rNeg    . . .      Spirit   .   (helmet restricted)
rPois   .          Reflect  .   (no amulet)
rElec   .          Harm     .   j - ring of willpower
rCorr   .          Rampage  .   k - +6 ring of intelligence
Will    +....                   (no ring)
Stlth   +++.......              (no ring)
HPRegen 0.05/turn               (no ring)
MPRegen 0.09/turn               (no ring)
                                (no ring)
                                (no ring)

@: flying
A: almost no armour, amphibious, 8 rings, camouflage 1, gelatinous body 1,
(nimble swimmer 1), tentacles
a: no special abilities


You were on level 2 of the Dungeon.
You visited 1 branch of the dungeon, and saw 2 of its levels.

You collected 52 gold pieces.

Inventory:

Hand Weapons
 f - a +0 short sword (weapon)
Jewellery
 j - a ring of willpower (left tentacle)
 k - a +6 ring of intelligence (right tentacle)
Scrolls
 c - a scroll of noise {unknown}
 d - a scroll of identify {unknown}
 e - a scroll of silence {unknown}
 g - a scroll of teleportation {unknown}
 h - a scroll of enchant armour {unknown}
 i - a scroll of amnesia {unknown}
Potions
 a - a potion of magic


   Skills:
 - Level 2.0 Dodging
 - Level 2.6 Stealth
 + Level 2.1 Spellcasting
 * Level 4.7 Necromancy


You had 4 spell levels left.
You knew the following spells:

 Your Spells              Type           Power      Damage    Failure   Level
a - Necrotise             Necr           96%        1d8       1%          1

Your spell library contained the following spells:

 Spells                   Type           Power      Damage    Failure   Level
 Vampiric Draining        Necr           24%        2d7       5%          3
 Shock                    Conj/Air       8%         1d3       13%         1
 Animate Dead             Necr           24%        N/A       19%         4
 Swiftness                Air            2%         N/A       36%         3
 Airstrike                Air            1%         0-2+      77%         4
 Agony                    Necr           24%        N/A       45%         5


Dungeon Overview and Level Annotations

Branches:
Dungeon (2/15)

Altars:


Innate Abilities, Weirdness & Mutations

You cannot wear most types of armour.
You are amphibious.
You can wear up to eight rings at the same time.
Your skin changes colour to match your surroundings (Stealth+).
Your rubbery body absorbs attacks. (AC +1, EV +1)
((You are camouflaged when in or above water. (Stealth+)))
You have tentacles for arms and can constrict up to eight enemies at once.


Message History

The frilled lizard bites you.
You miss the frilled lizard. Your grab misses the frilled lizard.
Your squeeze misses the frilled lizard. The frilled lizard barely misses you.
Your ball python skeleton barely misses the frilled lizard.
Your ball python skeleton closely misses the frilled lizard.
You closely miss the frilled lizard. Your grab misses the frilled lizard.
You squeeze the frilled lizard.
The frilled lizard is heavily wounded.
The frilled lizard closely misses you.
Your ball python skeleton barely misses the frilled lizard.
Your ball python skeleton misses the frilled lizard.
You miss the frilled lizard. You grab the frilled lizard.
You squeeze the frilled lizard.
You kill the frilled lizard!
Your ball python skeleton barely misses the worm. x2
You hit the worm. Your grab misses the worm.
The worm is lightly wounded.
Your ball python skeleton bites the worm but does no damage.
Your ball python skeleton grabs the worm.
Your ball python skeleton constricts the worm.
The worm barely misses you.
You hit the worm but do no damage.
The worm is lightly wounded.
Your ball python skeleton completely misses the worm.
Your ball python skeleton constricts the worm.
The worm bites you!
Ouch! That really hurt!
* * * LOW HITPOINT WARNING * * *
It was a potion of flight.
You feel very buoyant.
You fly up into the air.
Your ball python skeleton bites the worm.
Your ball python skeleton constricts the worm.
You hit the worm.
The worm is moderately wounded.
Your ball python skeleton bites the worm.
Your ball python skeleton constricts the worm.
The worm bites you!
Ouch! That really hurt!
You die...

# #.## #...####
#.....# #
..g#..$.###...#
#.....@†Z..#
#......#w......
#.####. #.#####
#. .# ## #


You could see a worm (ally target), a goblin (asleep) and a friendly ball python
skeleton.

Vanquished Creatures
  A dart slug (D:1)
  A ball python (D:2)
  2 bats (D:1)
  2 endoplasms (D:1)
  A goblin (D:1)
  3 hobgoblins (D:1)
  2 kobolds (D:1)
  A quokka (D:1)
  2 frilled lizards
15 creatures vanquished.

Vanquished Creatures (collateral kills)
  A goblin (D:1)
1 creature vanquished.

Grand Total: 16 creatures vanquished

Notes
Turn   | Place    | Note
-------+----------+-------------------------------------------
     0 | D:1      | Araneus the Octopode Necromancer began the quest for the
                  | Orb.
     0 | D:1      | Reached XP level 1. HP: 11/11 MP: 3/3
   225 | D:1      | Reached XP level 2. HP: 11/17 MP: 1/5
   457 | D:1      | Found a faded altar of an unknown god.
   799 | D:2      | Slain by a worm

Illustrated notes

Levels and vault maps discovered:
D:1:      sevenhm_arrival_forest_fort_small_4, layout_rooms,
          chequers_ecumenical_altar_simple_redux
D:2:      layout_rooms, serial_shops, shop, corner_web_ring

Action                   || total
-------------------------++-------
Melee: Short sword       ||    11
       Constrict         ||     2
       Tentacles         ||     2
 Cast: Necrotise         ||    26
  Use: Potion            ||     1
Armor: Skin              ||     1
Dodge: Dodged            ||    14

Table legend: (Time is in decaauts)
 A = Elapsed time spent in this place.
 B = Non-inter-level travel time spent in this place.
 C = Inter-level travel time spent in this place.
 D = Time resting spent in this place.
 E = Time spent auto-exploring this place.
 F = Levels seen in this place.
 G = Mean time per level.
                   A        B        C        D        E       F      G
               +--------+--------+--------+--------+--------+-----+--------+
         Total |    798 |    781 |     17 |    100 |    581 |   2 |  399.0 |
       Dungeon |    798 |    781 |     17 |    100 |    581 |   2 |  399.0 |
               +--------+--------+--------+--------+--------+-----+--------+

Top non-repeatable levels by time:
     D:1: 784 daAuts
     D:2: 13 daAuts
